 Dungeon Crawl Stone Soup version 0.31.0 (webtiles) character file.

Game seed: 17747610551254435800

120 qw the Shooter (level 5, 0/32 HPs)
             Began as a Gargoyle Hunter on Jan 19, 2024.
             Slain by an orc priest
             ... wielding a +0 whip
              (1 damage)
             ... on level 3 of the Dungeon.
             The game lasted 00:00:06 (1680 turns).

qw the Shooter (Gargoyle Hunter)                    Turns: 1680, Time: 00:00:07

Health: 0/32       AC: 10    Str: 15    XL:     5   Next: 4%
Magic:  5/5        EV: 11    Int:  9    God:
Gold:   113        SH:  0    Dex: 15    Spells: 4/4 levels left

rFire   . . .        a - +1 shortbow
rCold   . . .        (shield currently unavailable)
rNeg    + . .        d - +0 ring mail
rPois   inf          (no helmet)
rElec   +            e - +0 cloak
rCorr   .            (no gloves)
SInv    .            (no boots)
Will    .....        (no amulet)
Stlth   +            (no ring)
HPRegen 0.25/turn    (no ring)
MPRegen 0.09/turn

%: no passive effects
@: no status effects
A: sickness immunity, AC +4, negative energy resistance 1, electricity
resistance, torment resistance 1, petrification resistance
a: no special abilities


You were on level 3 of the Dungeon.
You visited 1 branch of the dungeon, and saw 3 of its levels.

You collected 113 gold pieces.


Innate Abilities, Weirdness & Mutations

You are immune to sickness and miasma.
Your stone body is resilient. (AC +4)
You are immune to poison.
You resist negative energy. (rN+)
You are resistant to electric shocks. (rElec)
You are resistant to unholy torment.
You are immune to petrification.


   Skills:
 - Level 3.4 Fighting
 + Level 5.4 Ranged Weapons
 - Level 1.0 Armour
 - Level 1.5 Dodging
 - Level 1.1 Stealth


You had 4 spell levels left.
You didn't know any spells.
Your spell library was empty.

Inventory:

Hand Weapons
 a - a +1 shortbow (weapon)
Armour
 d - a +0 ring mail (worn)
 e - a +0 cloak (worn)
Scrolls
 b - a scroll of brand weapon {unknown}
Potions
 h - a potion of might
 i - a potion of invisibility {unknown}

Dungeon Overview and Level Annotations

Branches:
Dungeon (3/15)

Altars:


Message History

The giant cockroach completely misses you.
You shoot an arrow.
The arrow closely misses the orc priest.
The arrow hits the orc wizard!
You kill the orc wizard!
The giant cockroach barely misses you.
You have reached level 5!
You shoot an arrow. The arrow closely misses the orc.
The arrow hits the orc priest but does no damage.
The giant cockroach barely misses you. x2; The orc hits you but does no damage.
You shoot an arrow. The arrow closely misses the orc.
The arrow hits the orc priest.
The orc priest is moderately wounded.
The giant cockroach barely misses you.
The orc priest invokes the aid of Beogh against you.
Beogh smites you!
You shoot an arrow. The arrow hits the orc priest.
The orc priest is heavily wounded.
The giant cockroach bites you but does no damage.
The orc misses you. The orc priest hits you with a +0 whip.
The giant cockroach barely misses you.
You shoot an arrow.
The arrow hits the orc priest but does no damage.
The orc priest is heavily wounded.
The orc barely misses you.
The orc priest hits you but does no damage.
The giant cockroach closely misses you.
You shoot an arrow. The arrow barely misses the orc priest.
The arrow hits the orc priest!
The orc priest is almost dead.
The giant cockroach barely misses you. The orc hits you but does no damage.
The orc priest miscasts a cantrip.
The orc priest hits you but does no damage.
The giant cockroach closely misses you. The orc barely misses you.
The orc priest closely misses you.
You shoot an arrow. The arrow hits the orc priest.
The orc priest is severely wounded.
The giant cockroach misses you. The orc hits you with a +0 short sword.
The orc priest hits you with a +0 whip.
You die...

.......#.........##
...###............#
....###............ .
##...............# ..
..............#### ...
##.###.#......## ....
#.##..........# ##.....
#.##.......#..##Br.....
#..............@oog....
#..#......)#...o##.....
#..............## ###
#>....##.##..##.#
..(... .....# #..
....#.. .... ###.
#.#### ..... . .....#
.... . ..>..#


You could see 2 orc priests, an orc, a giant cockroach, a goblin and a rat.

Vanquished Creatures
  Jessica (D:2)
  An orc wizard (D:3)
  An adder (D:2)
  A dart slug (D:2)
  2 ribbon worms
  2 orcs (D:3)
  8 endoplasms
  A giant cockroach (D:2)
  3 goblins
  4 hobgoblins
  8 jackals
  5 kobolds
  2 quokkas
  6 ball pythons
45 creatures vanquished.

Notes
Turn   | Place    | Note
-------+----------+-------------------------------------------
     0 | D:1      | qw the Gargoyle Hunter began the quest for the Orb.
     0 | D:1      | Reached XP level 1. HP: 12/12 MP: 1/1
     0 | D:1      | 0 ||| qw: Version: 0.3-a-132-g3d54051
     0 | D:1      | 0 ||| qw: Game counter: 13
     0 | D:1      | 0 ||| qw: Melee chars always use a shield: true
     0 | D:1      | 0 ||| qw: God list: Okawaru
     0 | D:1      | 0 ||| qw: Allow faded altars: false
     0 | D:1      | 0 ||| qw: Do Orc after clearing Dungeon:15 true
     0 | D:1      | 0 ||| qw: Do second Lair branch before Depths: true
     0 | D:1      | 0 ||| qw: Lair rune preference: random
     0 | D:1      | 0 ||| qw: Goals: Normal
     0 | D:1      | 0 ||| PLANNING D:1-11
    97 | D:1      | Found a faded altar of an unknown god.
   112 | D:1      | Reached XP level 2. HP: 17/17 MP: 2/2
   718 | D:1      | 718 ||| READING 2 scrolls labelled MIEBBE YCRE.
   718 | D:1      | 718 ||| IDENTIFYING puce potion
   719 | D:1      | 719 ||| READING scroll of identify.
   719 | D:1      | 719 ||| IDENTIFYING bubbling cyan potion
   720 | D:1      | 720 ||| READING scroll labelled ZOIGEYVAOSK.
   721 | D:1      | 721 ||| DRINKING 2 sedimented dark potions.
   747 | D:1      | 747 ||| DROPPING scroll of butterflies.
   748 | D:1      | 748 ||| DROPPING potion of attraction.
   749 | D:1      | 749 ||| DROPPING potion of lignification.
   854 | D:2      | Reached XP level 3. HP: 15/21 MP: 3/3
   861 | D:2      | Reached skill level 5 in Ranged Weapons
   863 | D:2      | 863 ||| FLEEEEING.
   893 | D:2      | You fall into a shaft and drop 1 floor!
   912 | D:3      | 912 ||| UPGRADING to +0 ring mail.
   922 | D:3      | 922 ||| FLEEEEING.
   930 | D:3      | 930 ||| STAIRDANCE
   933 | D:2      | 933 ||| DROPPING +0 leather armour.
   934 | D:2      | 934 ||| UPGRADING to +0 cloak.
  1168 | D:2      | Reached skill level 1 in Armour
  1237 | D:2      | Noticed Jessica
  1239 | D:2      | Killed Jessica
  1240 | D:2      | Reached skill level 3 in Fighting
  1240 | D:2      | Reached XP level 4. HP: 28/28 MP: 4/4
  1502 | D:2      | 1502 ||| READING scroll labelled VAYSEJ UGOCSOE.
  1503 | D:2      | 1503 ||| READING scroll labelled ROYV IPEUH.
  1504 | D:2      | 1504 ||| READING scroll labelled ENEUQAAHOQ.
  1505 | D:2      | 1505 ||| READING scroll labelled QUNNA FONUTINUT.
  1510 | D:2      | 1510 ||| READING scroll labelled MEDDAAFA SOHI.
  1510 | D:2      | 1510 ||| ENCHANTING +0 shortbow.
  1540 | D:3      | 1540 ||| FLEEEEING.
  1543 | D:3      | 1543 ||| STAIRDANCE
  1675 | D:3      | Reached XP level 5. HP: 17/32 MP: 5/5
  1676 | D:3      | HP: 3/32 [orc priest/divine providence (15)]
  1677 | D:3      | HP: 1/32 [orc priest/+0 whip (2)]
  1680 | D:3      | Slain by an orc priest

Levels and vault maps discovered:
D:1:      reono_arrival_forest_river, layout_rooms,
          shapermc_ecumenical_altar_mp_highgroup, serial_corexii_hall,
          chequers_hall_statues_wall_a, corexii_hall_statues_x,
          corexii_hall_statues_l, corexii_hall_statues_i,
          chequers_hall_statues_corner_a, chequers_hall_statues_y,
          hangedman_decor_lopped
D:2:      layout_loops_ring, serial_glass, glass_columns_a, glass_columns_c,
          uniq_jessica
D:3:      layout_rooms

Skill      XL: |  1  2  3 |
---------------+----------+-----
Ranged Weapons | 5 |  5.4
Armour         | 1 |  1.0
Fighting       | 3 |  3.4
Dodging        | |  1.5
Stealth        | |  1.1

Action                     |  1- 3 |  4- 6 || total
---------------------------+-------+-------++-------
   Fire: Shortbow          |   102 |    45 ||   147
    Use: Scroll            |     3 |     5 ||     8
         Potion            |     1 |       ||     1
 Armour: Leather armour    |    21 |       ||    21
         Ring mail         |     5 |    23 ||    28
  Dodge: Dodged            |    28 |    24 ||    52

Table legend:
 A = Non-vault XP
 B = Vault XP
 C = Vault XP percentage of total XP
 D = Non-vault monster count
 E = Vault monster count
 F = Vault count percentage of total count
                 A         B        C        D         E       F
            +---------+---------+-------+---------+---------+-------
      Total |     135 |      37 |  21.5 |      44 |       1 |   2.2
            +---------+---------+-------+---------+---------+-------
        D:1 |      28 |       0 |   0.0 |      15 |       0 |   0.0
        D:2 |      53 |      37 |  41.1 |      21 |       1 |   4.5
        D:3 |      54 |       0 |   0.0 |       8 |       0 |   0.0
            +---------+---------+-------+---------+---------+-------
